 Dungeon Sprint DCSS version 0.23.0 (webtiles) character file.

Game seed: 5987303732399123036

4200000 Fang the Conqueror (level 22, -5/212 HPs)
             Began as a Demonspawn Gladiator on Feb 11, 2019.
             Was the Champion of Makhleb.
             Slain by a destroyer
             ... wielding a +9 great sword of slicing
              (217 damage)
             ... in the Dungeon (Sprint VIII: "Arena of Blood").
             The game lasted 00:02:12 (42 turns).

Fang the Conqueror (Demonspawn Gladiator)             Turns: 42, Time: 00:02:12

Health: -5/212     AC: 12    Str: 29    XL:     22   Next: 4%
Magic:  21/50      EV: 32    Int: 10    God:    Makhleb [******]
Gold:   0          SH:  0    Dex: 15    Spells: 70/70 levels left

rFire    . . .     SeeInvis .   l - +∞ Axe of Woe
rCold    . . .     Gourm    .   (shield currently unavailable)
rNeg     . . .     Faith    .   b - +0 leather armour
rPois    .         Spirit   .   (helmet restricted)
rElec    .         Reflect  .   (no cloak)
rCorr    .         Harm     .   (no gloves)
MR       +....     NoTele   +   (no boots)
Stlth    +++++++++.             (no amulet)
HPRegen  0.45/turn              (no ring)
MPRegen  0.32/turn              (no ring)

@: mighty
A: horns 2, iridescent scales 3, powered by pain 3, spiny 2, augmentation 1
a: Minor Destruction, Lesser Servant of Makhleb, Major Destruction, Greater
Servant of Makhleb, Renounce Religion


You were in the Dungeon.
You worshipped Makhleb.
Makhleb was exalted by your worship.
You were not hungry.

You visited 1 branch

Inventory:

Hand Weapons
 a - a +0 war axe
 l - the +∞ Axe of Woe (weapon)
   (You found it in the Dungeon)
Missiles
 d - 3 throwing nets (quivered)
Armour
 b - a +0 leather armour (worn)
 c - a +0 helmet
Scrolls
 k - a scroll of blinking
Potions
 e - a potion of curing
 g - a potion of heal wounds
 h - a potion of haste
 i - 2 potions of magic
 j - a potion of berserk rage
Comestibles
 f - a ration


   Skills:
 O Level 27 Fighting
 O Level 27 Axes
 O Level 27 Throwing
 + Level 24.9 Armour
 O Level 27 Dodging
 + Level 26.6 Stealth
 + Level 24.9 Unarmed Combat
 + Level 24.9 Spellcasting
 O Level 27 Invocations


You had 70 spell levels left.
You didn't know any spells.
Your spell library was empty.

Dungeon Overview and Level Annotations

Branches:
Dungeon (1/1)

Altars:
Makhleb


Innate Abilities, Weirdness & Mutations

You have a pair of horns on your head.
You are completely covered in iridescent scales. (AC +6)
You are powered by pain.
You are mostly covered in sharp spines.
Your magical and physical power is slightly enhanced at high health.


Message History

Your Unarmed Combat skill increases to level 23!
Your Spellcasting skill increases to level 23!
You slice the meat berserker!!
You slaughter the meat berserker joyfully.
You kill the meat berserker!
Makhleb accepts your kill.
Your Armour skill increases to level 24!
Your Stealth skill increases to level 26!
Your Unarmed Combat skill increases to level 24!
Your Spellcasting skill increases to level 24!
You have reached level 22!
You hear a shout! x5
A meat berserker comes into view. It is wielding a +9 battleaxe.
You hear a shout!
A bag of meat comes into view. It is wielding a +9 war axe.
You hear a shout! x2
You hear a shout! x9
The destroyer hits you with a +9 great sword of slicing!!!!!
Ouch! That really hurt!
You die...

......... #... ...#
..... . #... ...#
..... ..###...
...###.....
......###..........
......_...........
#....)#.......#
#_.<)_#V....O..
...#..)).#@.....#
......_..)).......
......###°§.......#
..###....☼§☼###.....
. #....°○☼# .....
#......o# ....
.......... ...
........... ...
...........


You could see a destroyer, a meat berserker (berserk) and a bag of meat.

Vanquished Creatures
  7 ogres (D)
  A two-headed ogre (D)
  22 orcs (D)
30 creatures vanquished.

Notes
Turn   | Place    | Note
-------+----------+-------------------------------------------
     0 | D        | Found the +∞ Axe of Woe
     0 | D        | Fang the Demonspawn Gladiator began the quest for the Orb.
     0 | D        | Reached XP level 1. HP: 16/16 MP: 1/1
     4 | D        | Became a worshipper of Makhleb the Destroyer
     5 | D        | Noticed a bag of meat
     6 | D        | Noticed a bag of meat
     6 | D        | Noticed a bag of meat
     7 | D        | Noticed a bag of meat
    10 | D        | Killed a bag of meat
    10 | D        | Gained mutation: You have a pair of small horns on your
                  | head. [demonic ancestry]
    10 | D        | Reached XP level 2. HP: 43/43 MP: 2/2
    10 | D        | Reached XP level 3. HP: 49/49 MP: 3/3
    10 | D        | Gained mutation: You are partially covered in iridescent
                  | scales. (AC +2) [demonic ancestry]
    10 | D        | Reached XP level 4. HP: 56/56 MP: 4/4
    10 | D        | Gained mutation: You have a pair of horns on your head.
                  | [demonic ancestry]
    10 | D        | Reached XP level 5. HP: 62/62 MP: 5/5
    10 | D        | Gained mutation: You are mostly covered in iridescent
                  | scales. (AC +4) [demonic ancestry]
    10 | D        | Reached XP level 6. HP: 69/69 MP: 6/6
    10 | D        | Gained mutation: You are completely covered in iridescent
                  | scales. (AC +6) [demonic ancestry]
    10 | D        | Reached XP level 7. HP: 75/75 MP: 7/7
    10 | D        | Reached XP level 8. HP: 82/82 MP: 8/8
    10 | D        | Gained mutation: You are partially covered in sharp spines.
                  | [demonic ancestry]
    10 | D        | Reached XP level 9. HP: 88/88 MP: 9/9
    10 | D        | Reached XP level 10. HP: 95/95 MP: 10/10
    10 | D        | Gained mutation: You sometimes gain a little power by
                  | taking damage. [demonic ancestry]
    10 | D        | Reached XP level 11. HP: 101/101 MP: 11/11
    10 | D        | Noticed a bag of meat
    10 | D        | Noticed a bag of meat
    11 | D        | Killed a bag of meat
    11 | D        | Reached skill level 15 in Axes
    11 | D        | Reached skill level 15 in Throwing
    11 | D        | Reached skill level 15 in Dodging
    11 | D        | Gained mutation: You sometimes gain power by taking damage.
                  | [demonic ancestry]
    11 | D        | Reached XP level 12. HP: 113/113 MP: 12/12
    11 | D        | Killed a bag of meat
    11 | D        | Reached * piety under Makhleb
    11 | D        | Reached XP level 13. HP: 122/122 MP: 13/13
    11 | D        | Killed a bag of meat
    11 | D        | Reached XP level 14. HP: 133/133 MP: 14/14
    12 | D        | Noticed a meat berserker
    12 | D        | Noticed a bag of meat
    13 | D        | Noticed a bag of meat
    13 | D        | Noticed a bag of meat
    14 | D        | Killed a bag of meat
    14 | D        | Reached ** piety under Makhleb
    14 | D        | Killed a bag of meat
    14 | D        | Reached XP level 15. HP: 137/144 MP: 15/15
    16 | D        | Killed a meat berserker
    16 | D        | Noticed a meat berserker
    17 | D        | Reached *** piety under Makhleb
    17 | D        | Reached XP level 16. HP: 151/157 MP: 16/16
    18 | D        | Noticed a meat berserker
    21 | D        | Killed a meat berserker
    21 | D        | Gained mutation: You are powered by pain. [demonic
                  | ancestry]
    21 | D        | Reached XP level 17. HP: 171/171 MP: 17/17
    22 | D        | Reached **** piety under Makhleb
    22 | D        | Reached skill level 27 in Fighting
    23 | D        | Reached ***** piety under Makhleb
    23 | D        | Gained mutation: You are mostly covered in sharp spines.
                  | [demonic ancestry]
    23 | D        | Reached XP level 18. HP: 182/182 MP: 18/18
    25 | D        | Killed a meat berserker
    25 | D        | Reached skill level 27 in Axes
    25 | D        | Reached skill level 27 in Throwing
    25 | D        | Reached skill level 27 in Dodging
    26 | D        | Reached skill level 10 in Armour
    26 | D        | Reached skill level 10 in Unarmed Combat
    26 | D        | Reached skill level 10 in Spellcasting
    26 | D        | Reached XP level 19. HP: 189/189 MP: 18/33
    26 | D        | Noticed a large bag of meat
    28 | D        | Noticed a meat berserker
    30 | D        | Noticed a meat berserker
    31 | D        | Killed a large bag of meat
    31 | D        | Reached skill level 15 in Armour
    31 | D        | Reached skill level 15 in Unarmed Combat
    31 | D        | Reached skill level 15 in Spellcasting
    33 | D        | Killed a meat berserker
    33 | D        | Gained mutation: Your magical and physical power is
                  | slightly enhanced at high health. [demonic ancestry]
    33 | D        | Reached XP level 20. HP: 147/197 MP: 19/41
    35 | D        | Reached ****** piety under Makhleb
    35 | D        | Noticed a meat berserker
    36 | D        | Noticed a meat berserker
    37 | D        | Killed a meat berserker
    38 | D        | Noticed a destroyer
    39 | D        | Reached skill level 27 in Invocations
    39 | D        | Reached XP level 21. HP: 204/204 MP: 20/46
    41 | D        | Reached XP level 22. HP: 212/212 MP: 21/50
    42 | D        | Slain by a destroyer

Skill      XL: |  1  2  3  4  5  6  7  8  9 10 11 12 13 14 15 16 17 18 19 20 21 |
---------------+----------------------------------------------------------------+-----
Fighting       | 14 16 18 19 21 23 26 27 | 27.0
Axes           | 13 15 17 18 19 22 24 26 27 | 27.0
Throwing       | 13 15 16 18 19 21 24 26 27 | 27.0
Dodging        | 13 15 17 18 19 22 24 26 27 | 27.0
Armour         | 10 17 21 24 | 24.9
Stealth        | 11 18 22 26 | 26.6
Unarmed Combat | 10 17 21 24 | 24.9
Spellcasting   | 10 17 21 24 | 24.9
Invocations    | 14 22 27 | 27.0

Action                   |  1- 3 |  4- 6 |  7- 9 | 10-12 | 13-15 | 16-18 | 19-21 | 22-24 || total
-------------------------+-------+-------+-------+-------+-------+-------+-------+-------++-------
Melee: Executioner's axe |     1 |       |       |     1 |     3 |     8 |    10 |       ||    23
Armor: Leather armour    |       |       |       |       |       |     1 |       |       ||     1
Dodge: Dodged            |       |       |       |     1 |     1 |       |       |       ||     2
